 Dungeon Crawl Stone Soup version 0.29.1-2-gbd0b4ee654 (webtiles) character file.

Game seed: 17584650906502484707

6644 leafyfresh the Nimble (level 11, -5/65 HPs)
             Began as a Djinni Ice Elementalist on Nov 26, 2022.
             Was a Believer of Elyvilon.
             Slain by an orc
             ... wielding a +0 flail
              (7 damage)
             ... on level 9 of the Dungeon.
             The game lasted 00:43:42 (16285 turns).

leafyfresh the Nimble (Djinni Ice Elementalist)    Turns: 16285, Time: 00:43:42

Health: -5/65      AC:  5    Str: 12    XL:     11   Next: 22%
Gold:   477        EV: 18    Int: 22    God:    Elyvilon [**....] SH:  4 Dex: 13

rFire   + + +      SeeInvis .   C - staff of cold
rCold   . . .      Faith    .   (no shield)
rNeg    . . .      Spirit   .   f - +0 steam dragon scales
rPois   ∞          Reflect  .   (helmet restricted)
rElec   .          Harm     .   (no cloak)
rCorr   +          Rampage  .   (no gloves)
Will    ++...                   (boots unavailable)
Stlth   ++........              x - amulet of the acrobat
HPRegen 0.20/turn               n - ring of the Prince of Darkness {rF+ Will+ Str+5}
MPRegen 0.00/turn               y - ring of resist corrosion

@: about to teleport, flying
A: sickness immunity, fire resistance 2, cold vulnerability 1, float, innate
caster, HP casting, extra vitality 1, antennae 1, large bone plates 1
a: Renounce Religion, Purification, Heal Other


You were on level 9 of the Dungeon.
You worshipped Elyvilon.
Elyvilon was pleased with you.
You visited 2 branches of the dungeon, and saw 10 of its levels.
You also visited: Sewer.

You collected 542 gold pieces.
You spent 65 gold pieces at shops.

Inventory:

Hand Weapons
 b - a +0 spear of freezing
 g - a +0 club
 G - a +2 flail of protection
Missiles
 r - a throwing net
Armour
 a - a +0 robe
 f - +0 steam dragon scales (worn)
 v - the +0 robe "Tephihiwn" {+Blink rC+++ Int-5}
   (You found it on level 4 of the Dungeon)

   Int:       It affects your intelligence (-5).
   rC:        It renders you almost immune to cold.
   +Blink:    It lets you blink.
 H - a +3 scale mail of fire resistance
Magical Staves
 C - a staff of cold (weapon)
Jewellery
 n - the ring of the Prince of Darkness (left hand) {rF+ Will+ Str+5}
   (You found it on level 2 of the Dungeon)

   [ring of willpower]

   Str:       It affects your strength (+5).
   rF:        It protects you from fire.
   Will:      It increases your willpower.
 x - an amulet of the acrobat (around neck)
 y - a ring of resist corrosion (right hand)
Wands
 u - a wand of quicksilver (9)
 z - a wand of flame (16)
 A - a wand of iceblast (6)
 K - a wand of polymorph (15)
Scrolls
 c - 3 scrolls of teleportation
 h - 3 scrolls of fear
 l - 3 scrolls of immolation
 o - a scroll of fog
 q - a scroll of noise
 w - 5 scrolls of brand weapon
 E - 2 scrolls of poison
 F - a scroll of vulnerability {unknown}
 I - a scroll of enchant armour {unknown}
 J - 2 scrolls of identify
 L - a scroll of summoning
Potions
 d - a potion of berserk rage
 e - 2 potions of lignification {unknown}
 i - 2 potions of flight {unknown}
 j - 3 potions of ambrosia {unknown}
 k - 2 potions of brilliance {unknown}
 m - a potion of invisibility {unknown}
 p - a potion of attraction {unknown}
 s - 2 potions of might {unknown}
 t - a potion of magic {unknown}
 B - a potion of resistance {unknown}
 D - 3 potions of curing {unknown}


   Skills:
 + Level 12.8 Dodging
 - Level 1.5 Stealth
 + Level 9.6 Spellcasting


You had 3 spell levels left.
You knew the following spells:

 Your Spells              Type           Power      Damage    Failure   Level
a - Freeze                Ice            100%       1d11      1%          1
b - Frozen Ramparts       Ice            100%       1d16      1%          3
c - Ozocubu's Armour      Ice            68%        N/A       1%          3
d - Hailstorm             Conj/Ice       68%        3d14      1%          4
e - Sting                 Tmut/Pois      100%       1d8       1%          1
f - Blink                 Tloc           100%       N/A       1%          2
g - Inner Flame           Hex/Fire       52%        N/A       1%          3
h - Corpse Rot            Necr/Pois/Air  52%        N/A       1%          4
i - Manifold Assault      Tloc           52%        N/A       3%          5
Your spell library was empty.

Dungeon Overview and Level Annotations

Branches:
Dungeon (9/15)             Temple (1/1) D:7           Sewer (visited)
   Lair: D:8-11         Orc: D:9-12

Altars:
Cheibriados
Dithmenos
Elyvilon
Fedhas
Nemelex Xobeh
Okawaru
Qazlal
Ru
Trog
Uskayaw
Wu Jian
Xom
Yredelemnul
Zin
The Shining One

Shops:
D:3 *?**(

Annotations:
D:8 Erica


Innate Abilities, Weirdness & Mutations

You are immune to sickness and miasma.
You are immune to poison.
Your flesh is very heat resistant. (rF++)
You are vulnerable to cold. (rC-)
You float through the air rather than walking.
You learn spells naturally, not from books.
Your magical power is your life essence.
You have superior vitality. (+4 MHP)
You have a pair of small antennae on your head.
You are partially covered in large bone plates. (SH +4)


Message History

An orc priest is nearby!
Casting: Hailstorm (dangerous; 1% risk of failure)
Confirm with . or Enter, or press ? or * to list all spells.
Aiming: Sting (safe; 1% risk of failure)
Press: ? - help, Shift-Dir - straight line, f - orc priest
Aim: an orc priest, wielding a +0 flail (78% to hit)
Okay, then.
Casting: Sting (safe; 1% risk of failure)
Confirm with . or Enter, or press ? or * to list all spells.
Casting: Hailstorm (dangerous; 1% risk of failure)
Press: ? - help, Dir - look around, f - activate You feel a surge of power!
A cannonade of hail descends around you!
The hail pelts the orc priest!!
You kill the orc priest!
* * * LOW HITPOINT WARNING * * *
The sentinel's mark upon you fades away.
Unknown command.
You start resting.
An orc comes into view. It is wielding a +0 flail.
An orc is nearby!
An orc is nearby!
Casting: Hailstorm (dangerous; 1% risk of failure)
Confirm with . or Enter, or press ? or * to list all spells.
Okay, then.
Casting: Hailstorm (dangerous; 1% risk of failure)
Confirm with . or Enter, or press ? or * to list all spells.
You don't have enough health to cast this spell.
Unknown command.
Casting: Hailstorm (dangerous; 1% risk of failure)
Confirm with . or Enter, or press ? or * to list all spells.
Aiming: Sting (safe; 1% risk of failure)
Press: ? - help, Shift-Dir - straight line, f - orc
Aim: an orc, wielding a +0 flail (78% to hit)
The sting misses the orc.
* * * LOW HITPOINT WARNING * * *
As you read the scroll of teleportation, it crumbles to dust.
You feel strangely unstable. The orc attacks as you move away!
The orc hits you with a +0 flail!
You die...

# # #....... .#.
z. #.......
...##. #.......
...z.. +.......
.....z###.......
.....z..)†#
........#)# #
..#.....#)####.#
+....<#..o@..#
##############


You could see an orc.

Vanquished Creatures
  A two-headed ogre (D:8)
  An ugly thing (D:8)
  A yaktaur (D:8)
  A troll (D:8)
  Prince Ribbit (D:6)
  4 yaks (D:4)
  2 steam dragons (D:8)
  Edmund (D:6)
  A sky beast (D:6)
  Pargi (Sewer)
  2 orc warriors
  A black bear (D:6)
  2 ogres (D:5)
  2 ice beasts (D:8)
  4 centaurs
  3 phantoms
  Blork the orc (D:5)
  6 bullfrogs
  2 necrophages
  2 scorpions
  8 wights
  6 killer bees (D:8)
  5 howler monkeys
  6 hounds
  4 jellies
  6 orc priests
  A gnoll bouda (D:7)
  Jessica (D:2)
  4 iguanas
  6 orc wizards
  5 gnolls (D:7)
  11 adders
  A shadow imp (D:8)
  An ufetubus (D:7)
  3 worms
  3 dart slugs
  30 orcs
  7 ball pythons
  6 bats
  7 endoplasms
  6 giant cockroaches
  3 goblins
  3 hobgoblins
  7 kobolds
  6 quokkas
  5 frilled lizards
  4 rats
194 creatures vanquished.

Vanquished Creatures (collateral kills)
  A yak (D:4)
1 creature vanquished.

Grand Total: 195 creatures vanquished

Notes
Turn   | Place    | Note
-------+----------+-------------------------------------------
     0 | D:1      | leafyfresh the Djinni Ice Elementalist began the quest for
                  | the Orb.
     0 | D:1      | leafyfresh set off with the following spells memorised:
                  | Freeze, Frozen Ramparts, Ozocubu's Armour, Hailstorm.
     0 | D:1      | Reached XP level 1. HP: 15/15 MP: 0/0
   238 | D:1      | Reached XP level 2. HP: 12/21 MP: 0/0
   534 | D:1      | Found a faded altar of an unknown god.
  1346 | D:2      | Reached skill level 3 in Dodging
  1346 | D:2      | Reached XP level 3. HP: 22/25 MP: 0/0
  1346 | D:2      | Learned a level 1 spell: Sting
  1425 | D:2      | Noticed Jessica
  1436 | D:2      | Killed Jessica
  1437 | D:2      | Reached XP level 4. HP: 18/31 MP: 0/0
  1639 | D:2      | Identified the ring of the Prince of Darkness {rF+ Will+
                  | Str+5}
  2880 | D:3      | Reached skill level 4 in Dodging
  2880 | D:3      | Reached XP level 5. HP: 32/35 MP: 0/0
  2880 | D:3      | Learned a level 2 spell: Blink
  2932 | D:3      | Found Guwih's Assorted Antiques.
  2945 | D:3      | Bought a white potion for 26 gold pieces
  2985 | D:3      | Found Ysug's Magic Scroll Shop.
  2993 | D:3      | Bought a scroll of teleportation for 39 gold pieces
  3251 | D:3      | Found Luprued's General Store.
  3730 | D:3      | Found Ukudgh's Antique Weapon Emporium.
  4026 | D:3      | Found Lohei's General Store.
  4428 | D:3      | Reached XP level 6. HP: 20/40 MP: 0/0
  4755 | D:4      | Reached skill level 5 in Dodging
  4887 | D:4      | Identified the +0 robe "Tephihiwn" {+Blink rC+++ Int-5}
  5626 | D:4      | Reached XP level 7. HP: 25/45 MP: 0/0
  5626 | D:4      | Learned a level 3 spell: Inner Flame
  5765 | D:4      | Noticed a yak
  5767 | D:4      | Noticed a yak
  5768 | D:4      | Noticed a yak
  5768 | D:4      | Noticed a yak
  5769 | D:4      | Noticed a yak
  5784 | D:4      | Killed a yak
  5785 | D:4      | Reached skill level 6 in Dodging
  5785 | D:4      | Reached skill level 5 in Spellcasting
  5787 | D:4      | Killed a yak
  6297 | D:5      | Entered Level 5 of the Dungeon
  6306 | D:5      | Reached XP level 8. HP: 7/50 MP: 0/0
  6818 | D:5      | Reached skill level 7 in Dodging
  7449 | D:5      | Noticed Blork the orc
  7452 | D:5      | Found a basalt altar of Yredelemnul.
  7454 | D:5      | Found a blossoming altar of Fedhas.
  7468 | D:5      | Killed Blork the orc
  7596 | D:5      | Reached skill level 8 in Dodging
  8614 | D:5      | Found an ornate altar of the Wu Jian Council.
  8789 | D:6      | Noticed Edmund
  8800 | D:6      | Killed Edmund
  8801 | D:6      | Reached XP level 9. HP: 20/55 MP: 0/0
  8801 | D:6      | Learned a level 4 spell: Corpse Rot
  8970 | D:6      | Found a glowing drain.
  8987 | Sewer    | Entered a sewer
  9126 | Sewer    | Noticed Pargi
  9131 | Sewer    | Killed Pargi
  9267 | D:6      | Reached skill level 9 in Dodging
  9535 | D:6      | Found a glowing golden altar of the Shining One.
  9832 | D:6      | Noticed Prince Ribbit
  9837 | D:6      | Killed Prince Ribbit
 10704 | D:6      | Gained mutation: Your movements are slightly less
                  | encumbered by armour. (ER -2) [potion of mutation]
 10704 | D:6      | Gained mutation: You are frail. (-10% HP) [potion of
                  | mutation]
 10705 | D:6      | Lost mutation: You are frail. (-10% HP) [potion of
                  | mutation]
 10705 | D:6      | Lost mutation: Your movements are slightly less encumbered
                  | by armour. (ER -2) [potion of mutation]
 10705 | D:6      | Gained mutation: You are partially covered in large bone
                  | plates. (SH +4) [potion of mutation]
 10705 | D:6      | Gained mutation: You have a pair of small antennae on your
                  | head. [potion of mutation]
 11170 | D:7      | Reached skill level 10 in Dodging
 11655 | D:7      | Found a staircase to the Ecumenical Temple.
 11752 | Temple   | Entered the Ecumenical Temple
 12007 | Temple   | Became a worshipper of Elyvilon the Healer
 12114 | D:7      | Reached XP level 10. HP: 47/60 MP: 0/0
 13021 | D:7      | Found a bloodstained altar of Trog.
 13240 | D:7      | Reached * piety under Elyvilon
 13415 | D:4      | Found a snail-covered altar of Cheibriados.
 13513 | D:4      | Reached skill level 11 in Dodging
 14399 | D:8      | Reached ** piety under Elyvilon
 14424 | D:8      | Noticed a two-headed ogre
 14439 | D:8      | Killed a two-headed ogre
 14958 | D:8      | Noticed a red ugly thing
 14959 | D:8      | Noticed a yaktaur
 14966 | D:8      | Killed a red ugly thing
 14967 | D:8      | Reached skill level 12 in Dodging
 14968 | D:8      | Killed a yaktaur
 14969 | D:8      | Reached XP level 11. HP: 9/65 MP: 0/0
 14969 | D:8      | Learned a level 5 spell: Manifold Assault
 16230 | D:8      | Noticed Erica
 16285 | D:9      | Slain by an orc

Illustrated notes

Levels and vault maps discovered:
D:1:      spicycebolla_arrival_risky_transporter, layout_basic,
          shapermc_ecumenical_altar_mp_ritualfount, minivault_5
D:2:      cheibrodos_helix_gallery, layout_basic, uniq_jessica
D:3:      layout_basic, serial_shops, shop, shop_fountains,
          nicolae_shop_competitors_out_of_business, shop, shop, minmay_cupped
D:4:      layout_basic, kennysheep_slug_shrine
D:5:      layout_loops_ring, jmf_multi_god_temple, nzn_wu_jian_council_hall,
          uniq_blork_the_orc
D:6:      layout_basic, nicolae_tso_swordbearing_angel, enter_ossuary_1,
          gup_sewer_entry_glass, serial_corexii_hall, corexii_hall_statues_x,
          corexii_hall_statues_i, chequers_hall_statues_wall_a,
          corexii_hall_statues_x, corexii_hall_statues_i,
          corexii_hall_statues_x, uniq_prince_ribbit1, uniq_edmund
D:7:      nicolae_cairo_tiling_very_big, layout_loops_corners,
          mainiacjoe_overflow_concentric_impassable,
          minmay_temple_entry_nine_rooms
D:8:      nzn_winding_woodlands_three_and_one [nzn_winding_woodlands_5x15_cabin,
          nzn_winding_woodlands_5x15_sawtooth,
          nzn_winding_woodlands_5x15_parted,
          nzn_winding_woodlands_center_triple_pond], layout_loops_ring,
          nicolae_looking_at_the_future, uniq_maggie, uniq_erica
D:9:      layout_basic, lemuel_tele_altar, mainiacjoe_overflow_large_starburst
Temple:   grunt_temple_mini_profane

Skill      XL: |  1  2  3  4  5  6  7  8  9 10 |
---------------+-------------------------------+-----
Dodging        | 3 4 5 6 8 10 12 | 12.8
Spellcasting   | 4 5 6 7 9 |  9.6
Stealth        | |  1.5

Action                   |  1- 3 |  4- 6 |  7- 9 | 10-12 || total
-------------------------+-------+-------+-------+-------++-------
Melee: Spear             |    44 |   117 |     4 |       ||   165
       Unarmed           |     1 |       |       |       ||     1
       Staff             |       |       |    14 |    13 ||    27
 Cast: Freeze            |    12 |    11 |    16 |     6 ||    45
       Frozen Ramparts   |     1 |    19 |    44 |    26 ||    90
       Ozocubu's Armour  |     1 |     1 |    27 |    14 ||    43
       Sting             |       |     9 |    28 |    17 ||    54
       Hailstorm         |       |       |    44 |    53 ||    97
       Corpse Rot        |       |       |     1 |       ||     1
       Blink             |       |       |       |     1 ||     1
       Manifold Assault  |       |       |       |    11 ||    11
Evoke: Wand              |       |       |       |     7 ||     7
  Use: Scroll            |       |     6 |     4 |     2 ||    12
       Potion            |       |       |     4 |     1 ||     5
 Stab: Sleeping          |     3 |     6 |       |       ||     9
Armor: Robe              |     9 |    11 |    19 |       ||    39
       Steam dragon scal |       |       |       |     7 ||     7
Dodge: Dodged            |    32 |    73 |    40 |    38 ||   183
Block: Other             |       |       |       |     6 ||     6
